 Dungeon Crawl Stone Soup version 0.25-a0-668-gea548f19b6 (webtiles) character file.

Game seed: 10839612987074990556, levelgen mode: deterministic

148 Kohma the Sneak (level 5, -6/32 HPs)
             Began as a Kobold Hunter on Mar 28, 2020.
             Killed from afar by an orc wizard (8 damage)
             ... with a magic dart
             ... on level 4 of the Dungeon.
             The game lasted 00:08:49 (3777 turns).

Kohma the Sneak (Kobold Hunter)                     Turns: 3777, Time: 00:08:50

Health: -6/32      AC:  6    Str:  9    XL:     5   Next: 56%
Magic:  5/5        EV: 13    Int: 14    God:
Gold:   114        SH:  0    Dex: 15    Spells: 4/4 levels left

rFire    . . .     SeeInvis .   a - +1 hand crossbow
rCold    . . .     Gourm    .   (shield restricted)
rNeg     . . .     Faith    .   o - +0 ring mail (curse)
rPois    .         Spirit   .   (no helmet)
rElec    .         Reflect  .   (no cloak)
rCorr    .         Harm     .   k - +0 pair of gloves
MR       .....                  (no boots)
Stlth    ++........             (no amulet)
HPRegen  0.10/turn              (no ring)
MPRegen  0.09/turn              (no ring)

@: no status effects
A: small, carnivore
a: no special abilities


You were on level 4 of the Dungeon.
You were completely stuffed.

You visited 1 branch of the dungeon, and saw 4 of its levels.

You collected 114 gold pieces.

Inventory:

Hand Weapons
 a - a +1 hand crossbow (weapon)
 b - a +0 short sword
 p - a +0 rapier
 u - a +0 dagger
Missiles
 d - 16 bolts (quivered)
 x - 14 poisoned darts
Armour
 k - a +0 pair of gloves (worn)
 o - a cursed +0 ring mail (worn)
Jewellery
 h - an uncursed ring of protection from fire {unknown}
Scrolls
 e - 2 scrolls of teleportation {unknown}
 i - a scroll of blinking {unknown}
 j - 2 scrolls of enchant weapon {unknown}
 l - a scroll of identify {unknown}
 m - a scroll of fog {unknown}
 q - 6 scrolls of remove curse {unknown}
 t - 2 scrolls of amnesia {unknown}
 w - 3 scrolls of noise {unknown}
Potions
 c - a potion of curing {unknown}
 g - a potion of cancellation
 n - a potion of might {unknown}
 r - a potion of lignification {unknown}
 s - a potion of invisibility {unknown}
 v - a potion of mutation {unknown}
Comestibles
 f - 5 rations
 z - 3 chunks of flesh


   Skills:
 - Level 3.0 Fighting
 + Level 2.6 Short Blades
 - Level 5.0 Crossbows
 - Level 3.1 Dodging
 + Level 5.1 Stealth


You had 4 spell levels left.
You didn't know any spells.
Your spell library was empty.

Dungeon Overview and Level Annotations

Branches:
Dungeon (4/15)
 Temple: D:4-7

Altars:
Cheibriados
Hepliaklqana
Trog


Innate Abilities, Weirdness & Mutations

You are small and have problems with some larger weapons.
You are carnivorous and can eat meat at any time.


Message History

Firing (i - inventory. (/) - cycle)
d - 19 bolts (quivered)
Press: ? - help, Shift-Dir - straight line, f - orc wizard
Aim: an orc wizard, wielding a +0 dagger and wearing a +0 robe (lightly wounded)
You shoot a bolt. The bolt hits the orc wizard.
The orc wizard is heavily wounded.
The orc wizard hits you with a +0 dagger.
* * * LOW HITPOINT WARNING * * *
Firing (i - inventory. (/) - cycle)
d - 18 bolts (quivered)
Press: ? - help, Shift-Dir - straight line, f/p - orc wizard
Aim: an orc wizard, wielding a +0 dagger and wearing a +0 robe (heavily wounded)
You shoot a bolt. The bolt hits the orc wizard!
The orc wizard is almost dead.
The orc wizard closely misses you.
Firing (i - inventory. (/) - cycle)
d - 17 bolts (quivered)
Press: ? - help, Shift-Dir - straight line, f/p - orc wizard
Aim: an orc wizard, wielding a +0 dagger and wearing a +0 robe (almost dead)
You shoot a bolt. The bolt closely misses the orc wizard.
The orc wizard casts a spell at you. The magic dart hits you!
You die...

..#.....# #......#..# ........#
#......'..# ........#
#......#..# ........#
#......#..#
........#####......#..#
........(....(.....#..+
#########oo.........#..#
#....'.)+...........####
#########....#.@#...............
#............#oo######..........
#.#####.#....#.......'..<.......
#.#####......#.(##...#..........
#.#..........#####...#..........
#.#.###..............#..........
#.#.###.##....####...#..........
#.#.##...#....# #####......#+##
#......_......# #......#..#


You could see an orc wizard and an orc.

Vanquished Creatures
  An orc priest (D:4)
  4 adders (D:2)
  An ooze (D:4)
  2 worms (D:2)
  2 dart slugs
  2 leopard geckos
  4 orcs
  2 ball pythons (D:2)
  3 giant cockroaches
  9 goblins
  6 hobgoblins
  2 jackals (D:3)
  A quokka (D:2)
  11 bats
  2 frilled lizards (D:3)
  4 kobolds
  7 rats
63 creatures vanquished.

Notes
Turn   | Place    | Note
-------+----------+-------------------------------------------
     0 | D:1      | Kohma the Kobold Hunter began the quest for the Orb.
     0 | D:1      | Reached XP level 1. HP: 12/12 MP: 1/1
   522 | D:1      | Reached XP level 2. HP: 10/18 MP: 2/2
  1016 | D:2      | Reached skill level 5 in Crossbows
  1337 | D:2      | Reached XP level 3. HP: 22/22 MP: 3/3
  1720 | D:2      | Reached XP level 4. HP: 22/28 MP: 4/4
  2286 | D:2      | Reached skill level 1 in Short Blades
  2505 | D:2      | Found a snail-covered altar of Cheibriados.
  2837 | D:3      | Found a bloodstained altar of Trog.
  2909 | D:3      | Reached XP level 5. HP: 32/32 MP: 5/5
  3671 | D:4      | Found a hazy altar of Hepliaklqana.
  3752 | D:4      | Reached skill level 5 in Stealth
  3777 | D:4      | Killed from afar by an orc wizard

Levels and vault maps discovered:
D:1:      psy_arrival_terrarium, layout_basic
D:2:      layout_rooms, kennysheep_slug_shrine
D:3:      layout_basic, bloody_trog
D:4:      layout_gridville, nicolae_overflow_crystal_walls, first_ration,
          palyth_stone_intersect

Skill      XL: |  1  2  3  4  5 |
---------------+----------------+-----
Stealth        | 2 3 4 5 |  5.1
Crossbows      | 5 |  5.0
Dodging        | 3 |  3.1
Fighting       | 3 |  3.0
Short Blades   | 1 2 |  2.6

Action                   |  1- 3 |  4- 6 || total
-------------------------+-------+-------++-------
Melee: Short sword       |   152 |    70 ||   222
       Rapier            |       |    38 ||    38
       Dagger            |       |    70 ||    70
 Fire: Hand crossbow     |    13 |    23 ||    36
  Use: Potion            |       |     1 ||     1
 Stab: Sleeping          |     1 |     4 ||     5
  Eat: Chunk             |    11 |     7 ||    18
Armor: Leather armour    |    31 |       ||    31
       Ring mail         |    27 |    40 ||    67
Dodge: Dodged            |   160 |   131 ||   291

Table legend:
 A = Non-vault XP
 B = Vault XP
 C = Vault XP percentage of total XP
 D = Non-vault monster count
 E = Vault monster count
 F = Vault count percentage of total count
                 A         B        C        D         E       F
            +---------+---------+-------+---------+---------+-------
      Total |     208 |       4 |   1.9 |      62 |       1 |   1.6
            +---------+---------+-------+---------+---------+-------
        D:1 |      13 |       0 |   0.0 |      10 |       0 |   0.0
        D:2 |     100 |       4 |   3.8 |      27 |       1 |   3.6
        D:3 |      38 |       0 |   0.0 |      20 |       0 |   0.0
        D:4 |      57 |       0 |   0.0 |       5 |       0 |   0.0
            +---------+---------+-------+---------+---------+-------
